 Dungeon Crawl Stone Soup version 0.30.0-15-g856e2d3f33 (webtiles) character file.

Game seed: 5258601085499062942

468 NateTC the Ruffian (level 6, -2/62 HPs)
             Began as a Troll Fighter on May 19, 2023.
             Slain by an ogre
             ... wielding a +0 giant club
              (23 damage)
             ... on level 4 of the Dungeon.
             The game lasted 00:05:57 (2734 turns).

NateTC the Ruffian (Troll Fighter)                  Turns: 2734, Time: 00:05:58

Health: -2/62      AC:  4    Str: 27    XL:     6   Next: 81%
Magic:  5/5        EV:  9    Int:  4    God:
Gold:   171        SH:  8    Dex:  9    Spells: 5/5 levels left

rFire   . .          .
                       - Unarmed
rCold   . . .        b - +1 kite shield
rNeg    . . .        a - +0 robe
rPois   .            (helmet restricted)
rElec   .            (no cloak)
rCorr   .            (gloves unavailable)
SInv    .            (boots unavailable)
Will    .....        (no amulet)
Stlth   +            (no ring)
HPRegen 1.10/turn    (no ring)
MPRegen 0.09/turn

%: no passive effects
@: no status effects
A: large, unfitting armour, claws 3, regeneration 1, shaggy fur 1, tough skin 1
a: no special abilities


You were on level 4 of the Dungeon.
You visited 1 branch of the dungeon, and saw 4 of its levels.

You collected 171 gold pieces.

Inventory:

Armour
 a - a +0 robe (worn)
 b - a +1 kite shield (worn)
Jewellery
 h - a ring of fire
Scrolls
 j - a scroll of amnesia
 o - a scroll of fear {unknown}
 q - a scroll of blinking {unknown}
Potions
 c - 2 potions of might
 d - a potion of haste
 e - a potion of lignification
 f - a potion of attraction {unknown}
 g - 3 potions of brilliance
 i - 2 potions of curing {unknown}
 k - a potion of cancellation {unknown}
 l - a potion of mutation {unknown}
 m - 2 potions of berserk rage
 n - a potion of flight {unknown}
 p - a potion of heal wounds {unknown}


   Skills:
 + Level 4.1 Fighting
 - Level 2.4 Dodging
 - Level 2.6 Shields
 * Level 6.2 Unarmed Combat


You had 5 spell levels left.
You didn't know any spells.
Your spell library contained the following spells:

 Spells                   Type           Power      Damage    Failure   Level
 Cigotuvi's Dreadful Rot  Necr/Pois/Air  0%         N/A       87%         2
 Dispel Undead            Necr           0%         3d6       100%        4
 Death Channel            Necr           0%         N/A       100%        6


Dungeon Overview and Level Annotations

Branches:
Dungeon (4/15) Zot: 21254
 Temple: D:4-7

Altars:

Shops:
D:1 *


Innate Abilities, Weirdness & Mutations

You are too large for most types of armour.
You have claws for hands.
Your natural rate of healing is unusually fast.
You are covered in fur. (AC +1)
You have tough skin. (AC +1)


Message History

The hound barks!
An ogre and an orc come into view.
The orc moves out of view.
There are monsters nearby!
Found a club.
The ogre shouts!
The hound bites you but does no damage.
There are monsters nearby!
You closely miss the hound. The hound closely misses you.
There are monsters nearby!
You claw the hound!
The hound is severely wounded.
The hound bites you. The hound barely misses you.
You miss the hound.
The hound is severely wounded.
You block the hound's attack.
You closely miss the hound.
The hound is severely wounded.
The hound bites you. x2
You claw the hound!
You kill the hound!
The ogre hits you with a +0 giant club! The orc hits you with a +0 club.
You barely miss the ogre. The orc hits you with a +0 club.
The ogre hits you with a +0 giant club!!
* * * LOW HITPOINT WARNING * * *
You are too injured to fight recklessly!
The orc attacks as you move away! You block the orc's attack.
The orc attacks as you move away! The orc hits you with a +0 club.
* * * LOW HITPOINT WARNING * * *
The orc hits you but does no damage. The orc attacks as you move away!
The orc barely misses you.
You claw the orc!
You kill the orc!
The ogre hits you with a +0 giant club!
Things that are here:
a +0 club; a scroll of identify You scratch the ogre.
The ogre is lightly wounded.
The ogre hits you with a +0 giant club!!
You die...

#......## #. #.....>.#
#. #.......# #.
####.##.####.#.
#..#.##......
#.........### #
#............
#.#####.........###..
#...@.#..............
#####O..........###..
#...........###..
#............##..
#............##..
#######................
#......................
##.####........####.##.
#........# .##.


You could see an ogre.

Vanquished Creatures
  An ogre (D:4)
  A phantom (D:4)
  A scorpion (D:4)
  A hound (D:4)
  An orc priest (D:4)
  An orc wizard (D:3)
  5 adders
  An ufetubus (D:4)
  A worm (D:2)
  4 dart slugs
  13 orcs
  6 endoplasms
  5 giant cockroaches
  10 goblins
  6 hobgoblins
  4 jackals (D:1)
  6 quokkas
  8 ball pythons
  8 bats
  2 frilled lizards
  2 kobolds
  7 rats
94 creatures vanquished.

Notes
Turn   | Place    | Note
-------+----------+-------------------------------------------
     0 | D:1      | NateTC the Troll Fighter began the quest for the Orb.
     0 | D:1      | Reached XP level 1. HP: 22/22 MP: 0/0
   110 | D:1      | Found Dawut's Assorted Antiques.
   121 | D:1      | Reached XP level 2. HP: 29/29 MP: 1/1
   277 | D:1      | Reached skill level 3 in Unarmed Combat
   327 | D:1      | Reached XP level 3. HP: 36/36 MP: 2/2
  1364 | D:3      | Reached XP level 4. HP: 45/45 MP: 3/3
  1650 | D:3      | Reached skill level 4 in Unarmed Combat
  2214 | D:4      | Noticed a scorpion
  2225 | D:4      | Killed a scorpion
  2226 | D:4      | Reached XP level 5. HP: 49/53 MP: 4/4
  2293 | D:4      | Found the +8 Vampire's Tooth {megavamp}
  2306 | D:4      | Noticed a phantom
  2332 | D:4      | Killed a phantom
  2333 | D:4      | Reached skill level 5 in Unarmed Combat
  2333 | D:4      | Reached XP level 6. HP: 58/62 MP: 5/5
  2504 | D:4      | Reached skill level 6 in Unarmed Combat
  2734 | D:4      | Slain by an ogre

Illustrated notes

Levels and vault maps discovered:
D:1:      erik_arrival_triangle_small, layout_loops_ring, serial_shops, shop
D:2:      cheibrodos_helix_gallery, layout_loops_cross,
          kennysheep_generic_room_16
D:3:      layout_loops_ring
D:4:      layout_basic

Skill      XL: |  1  2  3  4  5  6 |
---------------+-------------------+-----
Unarmed Combat | 3 4 5 6 |  6.2
Fighting       | 3 4 |  4.1
Dodging        | |  2.4
Shields        | |  2.6

Action                     |  1- 3 |  4- 6 || total
---------------------------+-------+-------++-------
  Melee: Unarmed           |   126 |   115 ||   241
    Use: Scroll            |     2 |     7 ||     9
   Stab: Sleeping          |     1 |       ||     1
 Armour: Robe              |    43 |    31 ||    74
  Dodge: Dodged            |    29 |    41 ||    70
  Block: Kite shield       |    52 |    48 ||   100
